 Dungeon Crawl Stone Soup version 0.26-a0-451-gacbe401039 (webtiles) character file.

Game seed: 1380473585264076931

1 MrRokkomies the Sneak (level 1, -5/17 HPs)
             Began as a Palentonga Delver on July 28, 2020.
             Was an Initiate of Hepliaklqana.
             Slain by a gnoll
             ... wielding a +0 spear
              (9 damage)
             ... on level 6 of the Dungeon.
             The game lasted 00:01:27 (221 turns).

MrRokkomies the Sneak (Palentonga Delver)            Turns: 221, Time: 00:01:28

Health: -5/17      AC:  4    Str: 15    XL:     1   Next: 16%
Magic:  1/1        EV:  9    Int: 10    God:    Hepliaklqana [......]
Gold:   0          SH:  0    Dex: 11    Spells: 0/0 levels left

rFire    . . .     SeeInvis +   a - +0 mace
rCold    . . .     Faith    .   (no shield)
rNeg     . . .     Spirit   .   b - +0 leather armour
rPois    .         Reflect  .   (no helmet)
rElec    .         Harm     .   (no cloak)
rCorr    .                      (no gloves)
MR       .....                  (boots restricted)
Stlth    ++........             (no amulet)
HPRegen  0.05/turn              (no ring)
MPRegen  0.07/turn              (no ring)

@: no status effects
A: large, reduced essence, rugged brown scales 3, see invisible, deformed body,
roll, armoured tail
a: Rolling Charge, Recall Ancestor, Ancestor Identity, Renounce Religion


You were on level 6 of the Dungeon.
You worshipped Hepliaklqana.
Hepliaklqana was noncommittal.
You visited 2 branches of the dungeon, and saw 3 of its levels.

Inventory:

Hand Weapons
 a - a +0 mace (weapon)
Armour
 b - a +0 leather armour (worn)
Wands
 g - a wand of digging (3)
Scrolls
 c - a scroll of fog
 d - a scroll of magic mapping
 e - a scroll of fear
Potions
 f - a potion of haste


   Skills:
 * Level 3.0 Fighting
 * Level 2.0 Maces & Flails
 + Level 1.5 Dodging
 - Level 3.3 Stealth
 + Level 0.0 Invocations


You couldn't memorise any spells.
You didn't know any spells.
Your spell library was empty.

Dungeon Overview and Level Annotations

Branches:
Dungeon (6/15)             Temple (1/1) D:5

Altars:
Ashenzari
Cheibriados
Dithmenos
Fedhas
Gozag
Hepliaklqana
Kikubaaqudgha
Nemelex Xobeh
Okawaru
Qazlal
Ru
Trog
Uskayaw
Wu Jian
Xom
Yredelemnul


Innate Abilities, Weirdness & Mutations

You are completely covered in rugged brown scales. (AC +3, +7% HP)
You have supernaturally acute eyesight. (SInv)
Armour fits poorly on your strangely shaped body.
You can roll at foes to attack.
You have a long armoured tail.
Your life essence is reduced to manifest your ancestor. (-10% HP)


Message History

A worker ant comes into view.
A hobgoblin comes into view. It is wielding a +0 scythe.
A hobgoblin comes into view. It is wielding a +0 scythe.
The worker ant twitches its antennae in your direction.
A gnoll comes into view.
The gnoll shouts!
You hear a shout!
A gnoll comes into view. It is wielding a +0 spear.
Found a pair of gloves.
A gnoll comes into view. It is wielding a +0 club.
The gnoll shouts!
The leopard gecko barely misses Imgur-Sin.
The gnoll hits you with a +0 club! The gnoll hits you.
* * * LOW HITPOINT WARNING * * *
The gnoll hits you but does no damage.
Imgur-Sin hits the gnoll.
The worker ant bites Imgur-Sin!
Imgur-Sin is destroyed!
The gnoll closely misses you. The gnoll barely misses you.
The gnoll hits you from afar with a +0 spear!
Ouch! That really hurt!
You die...

......## .......## #....
........## #....#
.........## #.....#
..........# ##.....#.
......#...### ##........
##...l##....###.........
##....#......#.........#
#..........g..gg@.......
..........l..l.......#.#
...#........a..g......#
l..##............#..###
....#............####
.......).........[#
.###.###.........## ##
#.# #...##..### ## ####
##.#


You could see an iguana, a worker ant, 3 gnolls, a leopard gecko and a
hobgoblin.

Vanquished Creatures
  A quokka (D:6)
1 creature vanquished.

Vanquished Creatures (others)
  An ancestor (D:6)
1 creature vanquished.

Grand Total: 2 creatures vanquished

Notes
Turn   | Place    | Note
-------+----------+-------------------------------------------
     0 | D:5      | MrRokkomies the Palentonga Delver began the quest for the
                  | Orb.
     0 | D:5      | Reached XP level 1. HP: 19/19 MP: 1/1
     0 | D:5      | Found a staircase to the Ecumenical Temple.
     5 | Temple   | Entered the Ecumenical Temple
   149 | Temple   | Became a worshipper of Hepliaklqana the Forgotten
   193 | D:6      | Noticed a big kobold
   193 | D:6      | Noticed an iguana
   206 | D:6      | Noticed a worker ant
   221 | D:6      | Slain by a gnoll

Illustrated notes

Levels and vault maps discovered:
D:5:      layout_loops_ring, minmay_temple_entry_from_below_a, serial_shops,
          shop_fountains, uniq_grinder
D:6:      minmay_inner_zag, layout_cave_pools, bloody_makhleb, sigmund_army,
          uniq_crazy_yiuf_cottage
Temple:   regret_index_temple_sphere_string

Action                   || total
-------------------------++-------
Melee: Mace              ||     4
Armor: Leather armour    ||     1
Dodge: Dodged            ||     8

Table legend: (Time is in decaauts)
 A = Elapsed time spent in this place.
 B = Non-inter-level travel time spent in this place.
 C = Inter-level travel time spent in this place.
 D = Time resting spent in this place.
 E = Time spent auto-exploring this place.
 F = Levels seen in this place.
 G = Mean time per level.
                   A        B        C        D        E       F      G
               +--------+--------+--------+--------+--------+-----+--------+
         Total |    222 |    205 |     17 |      0 |    144 |   3 |   74.0 |
       Dungeon |     61 |     60 |      1 |      0 |      7 |   2 |   30.5 |
        Temple |    160 |    144 |     16 |      0 |    137 |   1 |  160.0 |
               +--------+--------+--------+--------+--------+-----+--------+

Top non-repeatable levels by time:
  Temple: 160 daAuts
     D:6: 48 daAuts
     D:5: 13 daAuts
